 Dungeon Sprint DCSS version 0.28-a0-1199-gef9e1dbd39 (webtiles) character file.

Game seed: 15169526947383877742

4906 mhtbhm the Impaler (level 10, -1/103 HPs)
             Began as a Minotaur Berserker on Dec 20, 2021.
             Was a High Priest of Trog.
             Slain by a ghost moth (10 damage)
             ... called by a spriggan druid
             ... in the Dungeon (Sprint IV: "Fedhas' Mad Dash").
             The game lasted 00:03:15 (1895 turns).

mhtbhm the Impaler (Minotaur Berserker)             Turns: 1895, Time: 00:03:15

Health: -1/103     AC:  2    Str: 26 (27) XL:     10   Next: 27%
Magic:  0/3        EV: 14    Int:  4      God:    Trog [*****.]
Gold:   195        SH:  0    Dex:  9      Spells: 9/9 levels left

rFire   . . .      SeeInvis .   a - +5 glaive (antimagic)
rCold   . . .      Faith    .   (shield currently unavailable)
rNeg    . . .      Spirit   .   b - +0 animal skin
rPois   .          Reflect  .   (helmet restricted)
rElec   .          Harm     .   (no cloak)
rCorr   .          Rampage  .   (no gloves)
Will    .....      NoTele   +   (no boots)
Stlth   ++++......              j - amulet of invisibility {+Inv}
HPRegen 0.27/turn               (no ring)
MPRegen 0.08/turn               (no ring)

@: on berserk cooldown, slowed, very slow
A: horns 2, retaliatory headbutt
a: Renounce Religion, Evoke Invisibility, Berserk, Trog's Hand, Brothers in Arms


You were in the Dungeon.
You worshipped Trog.
Trog was extremely pleased with you.
You visited 1 branch You collected 195 gold pieces.

Inventory:

Hand Weapons
 a - a +5 antimagic glaive (weapon)
Missiles
 i - 14 poisoned darts (quivered)
 o - 3 boomerangs
Armour
 b - a +0 animal skin (worn)
Jewellery
 j - the amulet of invisibility (around neck) {+Inv}
   (You found it in the Dungeon)

   [amulet of nothing]

   +Inv:      It lets you turn invisible.
Wands
 l - a wand of polymorph (4)
Scrolls
 h - a scroll of blinking
 m - a scroll of identify {unknown}
 n - a scroll of fear {unknown}
 p - a scroll of enchant weapon {unknown}
Potions
 e - a potion of haste
 f - 2 potions of magic
 g - a potion of berserk rage
 k - a potion of flight {unknown}


   Skills:
 + Level 14.1 Fighting
 + Level 16.6 Polearms
 + Level 6.0 Armour
 + Level 7.5 Dodging
 + Level 9.5 Stealth
 + Level 10.0 Evocations


You had 9 spell levels left.
You didn't know any spells.
Your spell library was empty.

Dungeon Overview and Level Annotations

Branches:
Dungeon (1/1)

Altars:
Cheibriados
Dithmenos
Elyvilon
Gozag
Hepliaklqana
Kikubaaqudgha
Makhleb
Nemelex Xobeh
Okawaru
Qazlal
Ru
Sif Muna
Trog
Uskayaw
Vehumet
Wu Jian
Xom
Yredelemnul
Zin
The Shining One
Beogh
Jiyva
Lugonu

Shops:
D =**(


Innate Abilities, Weirdness & Mutations

You have a pair of horns on your head.
You reflexively headbutt those who attack you in melee.


Message History

You are exhausted.
You feel yourself slow down.
You start resting.
You feel you are being watched by something.
You feel your power leaking away. Something hits you.
Deactivating autopickup; reactivate with Ctrl-A.
Something hits you but does no damage. Something stings you.
You feel you are being watched by something.
Something barely misses you. Something hits you! Something barely misses you.
Your iron troll goes berserk!
You feel you are being watched by something.
Something hits you! x2; Something stings you!
Something hits you!
* * * LOW HITPOINT WARNING * * *
Something hits you!
* * * LOW HITPOINT WARNING * * *
You feel weakened. Something stings you!
* * * LOW HITPOINT WARNING * * *
Unknown command.
You feel much better. Something hits you!
* * * LOW HITPOINT WARNING * * *
Something barely misses you. x2; Your iron troll bites something!!!
Your iron troll barely misses something.
Your iron troll claws something but does no damage.
You feel you are being watched by something.
Something hits you.
* * * LOW HITPOINT WARNING * * *
Something hits you.
* * * LOW HITPOINT WARNING * * *
Something stings you.
* * * LOW HITPOINT WARNING * * *
You are lethally poisoned!
Something poisons you!
Unknown command.
You feel better.
You feel you are being watched by something.
You feel your power leaking away. Something hits you!
You die...

...#.⌠._._._._.⌠.#..)...#....##∩#
=..'.._._._._._..'.)#...#†...'.)#
...#..._._._._...#..###'##.(.##∩#
#'##.._._._._._..#..##∩∩.'...####
...#._._._._._.⌠.#############
...################
####♣♣♣♣♣..♣(###T'
.)'......♣..♣##:{#
).#♣..♣♣♣.♣).###@#
..#.♣♣..♣...♣'...# ####
#############


You could see a friendly iron troll (summoned, berserk).

Vanquished Creatures
  A spriggan druid (D)
  3 oklob plants (D)
  A moth of wrath (D)
  3 wandering mushrooms (D)
  A hornet (D)
  2 queen bees (D)
  3 burning bushes (D)
  3 scorpions (D)
  4 killer bees (D)
  5 oklob saplings (D)
  3 spriggans (D)
  A river rat (D)
  A rat (D)
31 creatures vanquished.

Vanquished Creatures (others)
  A ballistomycete spore (D)
  A fungus (D)
2 creatures vanquished.

Grand Total: 33 creatures vanquished

Notes
Turn   | Place    | Note
-------+----------+-------------------------------------------
     0 | D        | mhtbhm the Minotaur Berserker began the quest for the Orb.
     0 | D        | Reached XP level 1. HP: 19/19 MP: 0/0
     8 | D        | Reached skill level 4 in Polearms
     8 | D        | Reached XP level 2. HP: 28/28 MP: 1/1
   170 | D        | Noticed an oklob sapling
   171 | D        | Killed an oklob sapling
   171 | D        | Reached ** piety under Trog
   172 | D        | Reached skill level 5 in Fighting
   172 | D        | Reached skill level 6 in Polearms
   172 | D        | Reached XP level 3. HP: 37/37 MP: 2/2
   220 | D        | Noticed a scorpion
   220 | D        | Found the amulet of invisibility {+Inv}
   225 | D        | Killed a scorpion
   226 | D        | Reached skill level 7 in Polearms
   226 | D        | Reached XP level 4. HP: 47/47 MP: 3/3
   278 | D        | Found an opulent altar of Gozag.
   278 | D        | Found a hazy altar of Hepliaklqana.
   278 | D        | Found a burning altar of Makhleb.
   278 | D        | Found a sparkling altar of Nemelex Xobeh.
   278 | D        | Found a snail-covered altar of Cheibriados.
   278 | D        | Found a sacrificial altar of Ru.
   278 | D        | Found a shimmering blue altar of Sif Muna.
   278 | D        | Found a shimmering altar of Xom.
   278 | D        | Found a basalt altar of Yredelemnul.
   280 | D        | Found a viscous altar of Jiyva.
   280 | D        | Found a bloodstained altar of Trog.
   280 | D        | Found an ornate altar of the Wu Jian Council.
   281 | D        | Found an iron altar of Okawaru.
   281 | D        | Found a shadowy altar of Dithmenos.
   281 | D        | Found a glowing silver altar of Zin.
   282 | D        | Found an ancient bone altar of Kikubaaqudgha.
   282 | D        | Found a hide-covered altar of Uskayaw.
   283 | D        | Found a stormy altar of Qazlal.
   283 | D        | Found a white marble altar of Elyvilon.
   283 | D        | Found a glowing golden altar of the Shining One.
   284 | D        | Found a corrupted altar of Lugonu.
   284 | D        | Found a radiant altar of Vehumet.
   291 | D        | Reached skill level 8 in Polearms
   291 | D        | Reached XP level 5. HP: 55/55 MP: 1/4
   334 | D        | Reached skill level 9 in Polearms
   334 | D        | Reached skill level 1 in Evocations
   498 | D        | Reached skill level 5 in Armour
   501 | D        | Reached *** piety under Trog
   502 | D        | Reached skill level 10 in Polearms
   506 | D        | Reached XP level 6. HP: 66/66 MP: 5/5
   560 | D        | Found Xaudung's Assorted Antiques.
   560 | D        | Found Torgherr's Jewellery Emporium.
   596 | D        | Reached skill level 10 in Fighting
   632 | D        | Noticed a queen bee
   644 | D        | Killed a queen bee
   645 | D        | Reached skill level 11 in Polearms
   645 | D        | Reached skill level 5 in Dodging
   645 | D        | Reached skill level 1 in Stealth
   646 | D        | Reached **** piety under Trog
   647 | D        | Reached XP level 7. HP: 74/74 MP: 3/6
   653 | D        | Reached skill level 12 in Polearms
   703 | D        | Noticed an oklob plant
   716 | D        | Killed an oklob plant
   717 | D        | Reached skill level 13 in Polearms
   717 | D        | Reached skill level 5 in Evocations
   717 | D        | Reached XP level 8. HP: 84/84 MP: 4/7
   776 | D        | Noticed a burning bush
   788 | D        | Killed a burning bush
   871 | D        | Noticed a burning bush
   871 | D        | Noticed an oklob plant
   894 | D        | Killed a burning bush
   894 | D        | Reached ***** piety under Trog
   895 | D        | Reached skill level 14 in Polearms
  1059 | D        | Noticed a wandering mushroom
  1068 | D        | Killed a wandering mushroom
  1069 | D        | Reached skill level 5 in Stealth
  1081 | D        | Killed an oklob plant
  1082 | D        | Reached XP level 9. HP: 93/93 MP: 6/8
  1240 | D        | Received a gift from Trog
  1308 | D        | Noticed a burning bush
  1308 | D        | Noticed a wandering mushroom
  1309 | D        | Noticed a wandering mushroom
  1312 | D        | Killed a wandering mushroom
  1319 | D        | Killed a burning bush
  1321 | D        | Killed a wandering mushroom
  1322 | D        | Reached skill level 15 in Polearms
  1356 | D        | Found Dayreig's Antique Weapon Emporium.
  1356 | D        | Found Upifarre's General Store.
  1565 | D        | Noticed a spriggan druid
  1568 | D        | Killed a spriggan druid
  1594 | D        | Noticed a moth of wrath
  1597 | D        | Killed a moth of wrath
  1802 | D        | Noticed a queen bee
  1807 | D        | Killed a queen bee
  1808 | D        | Reached XP level 10. HP: 102/102 MP: 3/9
  1808 | D        | Noticed an oklob plant conjurer
  1811 | D        | Killed an oklob plant conjurer
  1811 | D        | Received a gift from Trog
  1812 | D        | Reached skill level 16 in Polearms
  1882 | D        | Noticed a spriggan rider
  1886 | D        | Killed a spriggan rider
  1887 | D        | Reached skill level 10 in Evocations
  1893 | D        | HP: 1/103 [something (10)]
  1895 | D        | Slain by a ghost moth

Illustrated notes

Levels and vault maps discovered:
D:        dungeon_sprint_fedhas [sprint_temple]

Skill      XL: |  1  2  3  4  5  6  7  8  9 10 |
---------------+-------------------------------+-----
Fighting       | 4 5 7 8 9 11 12 13 14 | 14.1
Polearms       | 4 6 7 8 10 11 13 14 15 16 | 16.6
Armour         | 3 4 5 6 |  6.0
Dodging        | 3 4 5 6 7 |  7.5
Evocations     | 1 3 5 7 9 10 | 10.0
Stealth        | 1 3 6 8 9 |  9.5

Action                   |  1- 3 |  4- 6 |  7- 9 | 10-12 || total
-------------------------+-------+-------+-------+-------++-------
Melee: Spear             |     8 |    30 |    70 |       ||   108
       Headbutt          |     2 |     5 |     4 |     1 ||    12
       Glaive            |       |       |    20 |     5 ||    25
Invok: Berserk           |     3 |     4 |     7 |     1 ||    15
       Brothers in Arms  |       |       |       |     1 ||     1
 Abil: Evoke Invisibilit |       |     4 |     4 |       ||     8
  Use: Potion            |       |       |       |     2 ||     2
 Stab: Invisible         |       |     1 |     9 |       ||    10
       Sleeping          |       |       |     2 |       ||     2
Armor: Animal skin       |       |       |       |     1 ||     1
Dodge: Dodged            |     1 |     3 |     9 |     4 ||    17

Table legend: (Time is in decaauts)
 A = Elapsed time spent in this place.
 B = Non-inter-level travel time spent in this place.
 C = Inter-level travel time spent in this place.
 D = Time resting spent in this place.
 E = Time spent auto-exploring this place.
 F = Levels seen in this place.
 G = Mean time per level.
                   A        B        C        D        E       F      G
               +--------+--------+--------+--------+--------+-----+--------+
         Total |   1986 |   1933 |     53 |   1531 |     18 |   1 | 1986.0 |
       Dungeon |   1986 |   1933 |     53 |   1531 |     18 |   1 | 1986.0 |
               +--------+--------+--------+--------+--------+-----+--------+

Top non-repeatable levels by time:
       D: 1986 daAuts
